 Dungeon Crawl Stone Soup version 0.29.1-12-g30fa7ad0bf (webtiles) character file.

Game seed: 2398227978112463422

83589 Gabide the Warrior (level 15, -17/134 HPs)
             Began as a Mummy Berserker on Dec 23, 2022.
             Was a High Priest of Trog.
             Killed from afar by Jorgrun (47 damage)
             ... with an iron shot
             ... on level 2 of the Swamp.
             The game lasted 00:54:50 (35449 turns).

Gabide the Warrior (Mummy Berserker)               Turns: 35449, Time: 00:54:51

Health: -17/134    AC: 24    Str: 33    XL:     15   Next: 32%
Magic:  15/15      EV: 13    Int: 10    God:    Trog [*****.]
Gold:   2960       SH:  0    Dex: 13    Spells: 14/14 levels left

rFire   . . .      SeeInvis .     - Unarmed
rCold   + . .      Faith    +   (no shield)
rNeg    + + +      Spirit   .   G - +4 chain mail {rF+}
rPois   ∞          Reflect  .   o - +2 hat
rElec   +          Harm     .   i - +2 cloak
rCorr   .          Rampage  .   k - +2 pair of gloves
Will    ++...                   x - +2 pair of boots {Fly}
Stlth   ..........              q - amulet of faith
HPRegen 0.32/turn               E - ring of willpower
MPRegen 0.14/turn               B - ring "Uclit" {rElec rPois Str+6 Int+4}

@: flying
A: cold resistance 1, negative energy resistance 3, torment resistance 2, heat
vulnerability 1, in touch with death 2, no potions
a: Renounce Religion, Trog's Hand, Brothers in Arms


You were on level 2 of the Swamp.
You worshipped Trog.
Trog was extremely pleased with you.
You visited 3 branches of the dungeon, and saw 22 of its levels.
You also visited: Bailey.

You collected 2960 gold pieces.

Inventory:

Hand Weapons
 l - a +7 quick blade of protection
Missiles
 h - 4 silver javelins
 z - 2 boomerangs of dispersal
 A - 10 boomerangs (quivered)
 C - 2 javelins
Armour
 c - the +5 ring mail of Supple Strength {rPois}
   (You found it on level 14 of the Dungeon)

   rPois:     It protects you from poison.
 e - a +2 leather armour of willpower
 i - a +2 cloak (worn)
 k - a +2 pair of gloves (worn)
 o - a +2 hat (worn)
 t - a +0 helmet
 x - a +2 pair of boots of flying (worn)
 G - a +4 chain mail of fire resistance (worn)
Jewellery
 q - an amulet of faith (around neck)
 u - a ring of ice
 B - the ring "Uclit" (right hand) {rElec rPois Str+6 Int+4}
   (You acquired it in a bailey)

   [ring of strength]

   Str:       It affects your strength (+6).
   Int:       It affects your intelligence (+4).
   rElec:     It insulates you from electricity.
   rPois:     It protects you from poison.
 E - a ring of willpower (left hand)
 I - a +4 ring of evasion
 K - an amulet of magic regeneration
Wands
 f - a wand of polymorph (5)
 v - a wand of flame (26)
 F - a wand of paralysis (10)
 J - a wand of roots (5)
Scrolls
 a - 3 scrolls of brand weapon
 d - 4 scrolls of vulnerability
 g - 3 scrolls of enchant weapon
 j - 2 scrolls of fear
 m - 10 scrolls of teleportation
 n - 3 scrolls of magic mapping
 p - 3 scrolls of poison
 r - 2 scrolls of butterflies
 s - 2 scrolls of blinking
 w - 2 scrolls of immolation
 y - 2 scrolls of summoning
 D - a scroll of silence
Miscellaneous
 b - a phantom mirror (inert)
 H - a condenser vane


   Skills:
 - Level 17.0 Fighting
 * Level 3.8 Armour
 + Level 10.9 Dodging
 * Level 15.2 Unarmed Combat


You had 14 spell levels left.
You didn't know any spells.
Your spell library was empty.

Dungeon Overview and Level Annotations

Branches:
Dungeon (15/15)            Temple (0/1) D:7            Lair (5/5) D:11
  Swamp (2/4) Lair:3       Spider (0/4) Lair:3        Slime (0/5) Lair:4
    Orc (0/2) D:11         Vaults (0/5) D:13         Depths (0/4) D:15
 Bailey (visited)

Altars:
Okawaru
Sif Muna
Trog
Uskayaw
Vehumet
Wu Jian
Xom
Yredelemnul
Jiyva

Shops:
D:6 :   D:14 :

Annotations:
Lair:4 exclusion: 2 oklob plants
Swamp:2 Jorgrun


Innate Abilities, Weirdness & Mutations

You are immune to poison.
Your flesh is cold resistant. (rC+)
You are immune to negative energy. (rN+++)
You are immune to unholy pain and torment.
You are vulnerable to heat. (rF-)
You are strongly in touch with the powers of death.
You do not drink.


Message History

The javelin barely misses the alligator.
The javelin pierces through Jorgrun.
Jorgrun is almost dead.
The alligator is engulfed in poison gas.
The alligator looks even sicker.
The alligator closely misses you.
The alligator tail-slaps you but does no damage.
A swamp worm comes into view.
The alligator looks even sicker.
The alligator bites you but does no damage.
The alligator tail-slaps you but does no damage.
The grasping roots constrict you.
A bunyip comes into view.
Throw: 3 javelins
Press: ? - help, Shift-Dir - straight line, f/p - Jorgrun
Aim: Jorgrun, wielding a staff of earth and wearing a +0 robe (almost dead, 51% to hit)
You throw a javelin.
The javelin pierces through the alligator!
The alligator is severely wounded.
The javelin pierces through Jorgrun but does no damage.
Jorgrun is almost dead.
The alligator is engulfed in poison gas.
The alligator looks as sick as possible!
The alligator barely misses you.
The alligator tail-slaps you but does no damage.
The grasping roots constrict you!
The alligator is engulfed in poison gas.
The alligator looks as sick as possible!
The alligator bites you!
The alligator tail-slaps you but does no damage.
The swamp dragon bites you but does no damage.
The swamp dragon claws you but does no damage.
The swamp dragon closely misses you. The grasping roots constrict you!
* * * LOW HITPOINT WARNING * * *
The grasping roots release their grip on you.
The alligator is engulfed in poison gas.
The alligator looks as sick as possible!
The alligator dies!
Jorgrun casts a spell at you. The iron shot hits you!!!
You die... ~.~ ♣.~ ~~. .. ~.♣ ♣~~ ..♣ .. ..♣~♣ ○g○

♣♣○♣♣
♣D@○♣
§.§.x°°○♣♣
.~~♣♣○°.♣
~ ♣♣.♣♣ ♣♣


You could see Jorgrun, a bunyip and a swamp dragon.

Vanquished Creatures
  An ironbound preserver (D:13)
  A stone giant (D:15)
  2 bunyips (Swamp:1)
  Josephine (D:11)
  A rakshasa (D:14)
  A ghost crab (Swamp:1)
  3 boulder beetles
  9 hydras
  4 two-headed ogres
  4 catoblepae
  3 alligators
  3 centaur warriors
  A tengu warrior (D:15)
  12 death yaks
  Amaemon (D:8)
  Lodul (D:10)
  An orc sorcerer (Bailey)
  A deep elf pyromancer (D:14)
  Pikel (D:5)
  9 ugly things
  3 manticores
  An oklob plant (Lair:5)
  A cyclops (D:13)
  12 elephants
  A guardian serpent (D:10)
  A gargoyle (D:14)
  An orange demon (D:8)
  A torpor snail (Lair:3)
  4 black mambas
  10 cane toads
  A kobold demonologist (Bailey)
  Maggie (D:7)
  2 komodo dragons
  Psyche (D:8)
  2 rime drakes
  2 freezing wraiths (D:14)
  2 tengu conjurers (D:15)
  A yaktaur (shapeshifter) (D:13)
  6 trolls
  2 polar bears (Lair:4)
  A tyrant leech (Swamp:1)
  A hornet (D:7)
  Prince Ribbit (D:8)
  12 blink frogs
  7 slime creatures
  3 dream sheep (Lair:3)
  4 jumping spiders (Lair:3)
  3 culicivoras (Lair:3)
  A shadow (D:13)
  6 wyverns
  6 wraiths
  49 yaks
  A hog (shapeshifter) (D:14)
  A golden eye (shapeshifter) (D:15)
  2 redbacks (Lair:3)
  3 basilisks
  Menkaure (D:7)
  9 vampire mosquitoes
  A swamp worm (Swamp:1)
  2 acid dragons
  13 water moccasins
  An ice beast (D:8)
  15 orc warriors
  10 ogres
  A black bear (Lair:3)
  21 centaurs
  5 boggarts (D:14)
  9 wolves (Lair:1)
  4 kobold brigands
  9 bullfrogs
  2 gnoll sergeants
  A necrophage (D:7)
  4 wights (D:8)
  16 killer bees
  6 electric eels
  6 howler monkeys
  6 jellies
  A gnoll bouda (D:7)
  9 orc priests
  8 hounds
  Crazy Yiuf (D:7)
  Terence (D:3)
  Natasha (thrice) (D:2)
  9 iguanas
  10 orc wizards
  5 hell rats (Lair:1)
  12 gnolls
  9 adders
  A shadow imp (D:7)
  A white imp (D:6)
  An ufetubus (D:6)
  2 worms
  4 dart slugs
  73 orcs
  6 ball pythons
  24 endoplasms
  A giant cockroach (D:1)
  19 goblins
  11 hobgoblins
  6 jackals
  8 quokkas
  5 bats
  2 frilled lizards
  25 kobolds
  8 rats
623 creatures vanquished.

Vanquished Creatures (collateral kills)
  Gastronok (Lair:1)
  A boulder beetle (Lair:2)
  A hydra (D:11)
  Nergalle (D:11)
  4 skeletal warriors (D:13)
  A lindwurm (Lair:2)
  An ugly thing (D:10)
  A cane toad (Lair:5)
  A komodo dragon (Lair:5)
  A troll (D:11)
  An orc warrior (D:11)
  A hound (Lair:1)
  An orc priest (D:11)
16 creatures vanquished.

Vanquished Creatures (others)
  An alligator (Swamp:2)
  A water elemental (D:14)
  54 fungi
  88 plants
144 creatures vanquished.

Grand Total: 783 creatures vanquished

Notes
Turn   | Place    | Note
-------+----------+-------------------------------------------
     0 | D:1      | Gabide the Mummy Berserker began the quest for the Orb.
     0 | D:1      | Reached XP level 1. HP: 18/18 MP: 1/1
   444 | D:1      | Reached XP level 2. HP: 19/24 MP: 2/2
  1023 | D:1      | Noticed a floating eye
  1025 | D:1      | Found a faded altar of an unknown god.
  1027 | D:1      | Noticed a great orb of eyes
  1027 | D:1      | Noticed a shining eye
  1027 | D:1      | Noticed an eye of devastation
  1317 | D:2      | Gained mutation: You are in touch with the powers of death.
                  | [Mummy growth]
  1317 | D:2      | Reached XP level 3. HP: 29/29 MP: 3/3
  1321 | D:2      | Found a hide-covered altar of Uskayaw.
  1542 | D:2      | Noticed Natasha
  1851 | D:2      | Killed Natasha
  1878 | D:2      | Noticed Natasha
  1885 | D:2      | Killed Natasha
  1885 | D:2      | Reached ** piety under Trog
  1886 | D:2      | Reached skill level 4 in Fighting
  1886 | D:2      | Reached XP level 4. HP: 18/37 MP: 4/4
  2680 | D:2      | Noticed Natasha
  2704 | D:2      | Killed Natasha
  2705 | D:2      | Reached XP level 5. HP: 27/43 MP: 5/5
  3349 | D:2      | HP: 1/43 [orc/+4 flail of protection (7)]
  4343 | D:3      | Found an ornate altar of the Wu Jian Council.
  4343 | D:3      | Noticed Terence
  4352 | D:3      | Killed Terence
  4688 | D:3      | Reached XP level 6. HP: 50/50 MP: 6/6
  4697 | D:4      | Reached skill level 5 in Fighting
  4962 | D:4      | Found a shimmering blue altar of Sif Muna.
  4962 | D:4      | Found a shimmering altar of Xom.
  4963 | D:4      | Found a bloodstained altar of Trog.
  4973 | D:4      | Found a basalt altar of Yredelemnul.
  5330 | D:5      | Entered Level 5 of the Dungeon
  5473 | D:5      | Reached *** piety under Trog
  5492 | D:5      | Reached XP level 7. HP: 32/56 MP: 7/7
  5931 | D:5      | Reached skill level 6 in Fighting
  5934 | D:5      | Reached skill level 5 in Unarmed Combat
  6215 | D:6      | Noticed a yak
  6215 | D:6      | Noticed a yak
  6215 | D:6      | Noticed a yak
  6216 | D:6      | Noticed a yak
  6216 | D:6      | Noticed a yak
  6219 | D:6      | Noticed a yak
  6223 | D:6      | Killed a yak
  6226 | D:6      | Killed a yak
  6227 | D:6      | Reached XP level 8. HP: 65/65 MP: 8/8
  6234 | D:6      | Reached skill level 7 in Fighting
  6257 | D:6      | Noticed Pikel
  6271 | D:5      | Killed Pikel
  6316 | D:5      | Reached skill level 8 in Fighting
  6415 | D:6      | Reached XP level 9. HP: 54/74 MP: 9/9
  6531 | D:6      | Found Darcha's Self-Improvement Boutique.
  6945 | D:7      | Noticed Menkaure
  6953 | D:7      | Killed Menkaure
  7073 | D:7      | Reached **** piety under Trog
  7123 | D:7      | Reached skill level 5 in Dodging
  7450 | D:7      | Reached skill level 9 in Fighting
  8355 | D:7      | Found a staircase to the Ecumenical Temple.
  8429 | D:7      | Noticed Maggie
  8439 | D:7      | Killed Maggie
  8498 | D:7      | Found a runed translucent door.
  8499 | D:7      | Noticed Crazy Yiuf
  8595 | D:7      | Killed Crazy Yiuf
  8767 | D:8      | Reached XP level 10. HP: 46/84 MP: 10/10
  9071 | D:8      | Noticed Psyche
  9072 | D:8      | Noticed Prince Ribbit
  9090 | D:8      | Killed Psyche
  9091 | D:8      | Killed Prince Ribbit
  9417 | D:8      | Reached skill level 10 in Fighting
  9672 | D:8      | Noticed a two-headed ogre
  9704 | D:8      | Killed a two-headed ogre
  9795 | D:8      | Found an iron altar of Okawaru.
 10038 | D:8      | Noticed an orange demon
 10038 | D:8      | Noticed Amaemon
 10106 | D:8      | Killed Amaemon
 10708 | D:8      | Killed an orange demon
 10965 | D:9      | Found a flagged portal.
 10976 | D:9      | Reached skill level 11 in Fighting
 10984 | D:9      | Found a radiant altar of Vehumet.
 11027 | Bailey   | Entered a bailey
 11077 | Bailey   | Acquired the ring "Uclit" {rElec rPois Str+6 Int+4}
 11301 | Bailey   | Reached ***** piety under Trog
 11457 | Bailey   | Found an iron altar of Okawaru.
 11459 | Bailey   | Noticed an orc sorcerer
 11520 | Bailey   | Killed an orc sorcerer
 11521 | Bailey   | Reached XP level 11. HP: 84/93 MP: 11/11
 11534 | Bailey   | Noticed a sun demon
 11605 | Bailey   | Acquired 801 gold pieces
 12664 | D:10     | Entered Level 10 of the Dungeon
 12664 | D:10     | Noticed a two-headed ogre
 12931 | D:10     | Noticed a red ugly thing
 13408 | D:10     | Killed a two-headed ogre
 13504 | D:10     | Reached skill level 10 in Unarmed Combat
 13686 | D:10     | Noticed Harold
 13698 | D:10     | Noticed Harold
 13698 | D:10     | Harold changed into Harold the guardian serpent
 13710 | D:10     | Killed Harold the guardian serpent
 13710 | D:10     | Received a gift from Trog
 13726 | D:10     | Killed a red ugly thing
 13727 | D:10     | Reached skill level 12 in Fighting
 14324 | D:10     | Noticed a two-headed ogre
 14332 | D:10     | Killed a two-headed ogre
 14657 | D:11     | Noticed a six-headed hydra
 14890 | D:11     | Noticed Nergalle
 14908 | D:11     | Killed Nergalle
 15172 | D:11     | Killed a six-headed hydra
 15448 | D:11     | Noticed Lodul
 15486 | D:10     | Killed Lodul
 15842 | D:11     | Noticed a two-headed ogre
 15849 | D:11     | Killed a two-headed ogre
 15850 | D:11     | Reached XP level 12. HP: 93/103 MP: 12/12
 15908 | D:11     | Noticed Josephine
 15932 | D:11     | Killed Josephine
 15933 | D:11     | Reached skill level 13 in Fighting
 16329 | D:11     | Found a staircase to the Orcish Mines.
 16672 | D:11     | Found a staircase to the Lair.
 16813 | D:11     | Noticed a seven-headed hydra
 16819 | D:11     | Killed a seven-headed hydra
 17224 | Lair:1   | Entered Level 1 of the Lair of Beasts
 17686 | Lair:1   | Noticed Gastronok
 17703 | Lair:1   | Killed Gastronok
 17761 | Lair:1   | Received a gift from Trog
 17777 | Lair:1   | Noticed an eight-headed hydra
 17787 | Lair:1   | Killed an eight-headed hydra
 18107 | Lair:1   | Reached skill level 14 in Fighting
 19504 | Lair:2   | Noticed a boulder beetle
 19519 | Lair:2   | Killed a boulder beetle
 19844 | Lair:2   | Gained mutation: You are strongly in touch with the powers
                  | of death. [Mummy growth]
 19844 | Lair:2   | Reached XP level 13. HP: 112/114 MP: 13/13
 21101 | Lair:3   | Found a hole to the Spider Nest.
 21748 | Lair:3   | Found a staircase to the Swamp.
 22557 | Lair:3   | Reached skill level 15 in Fighting
 23893 | Lair:4   | Found a viscous altar of Jiyva.
 23895 | Lair:4   | Found a staircase to the Slime Pits.
 24168 | Lair:4   | Found an iron altar of Okawaru.
 24236 | Lair:4   | Identified the +2 robe of Snakes and Ladders {rElec rC+}
 24516 | Lair:5   | Entered Level 5 of the Lair of Beasts
 25085 | Lair:5   | Received a gift from Trog
 25421 | Lair:4   | Reached XP level 14. HP: 59/124 MP: 14/14
 26731 | Lair:5   | Reached skill level 16 in Fighting
 28648 | Lair:5   | Reached skill level 10 in Dodging
 29133 | Lair:5   | Identified the +9 hand axe "Piptor" {vorpal, rPois Str+3}
 30884 | D:13     | Received a gift from Trog
 30975 | D:13     | Noticed an ironbound preserver
 30976 | D:13     | Found a gate to the Vaults.
 30992 | D:13     | Killed an ironbound preserver
 32601 | D:14     | Found Duotzu's Book Shoppe.
 32764 | D:14     | Identified the +5 ring mail of Supple Strength {rPois}
 32893 | D:14     | Reached skill level 17 in Fighting
 32893 | D:14     | Reached XP level 15. HP: 128/134 MP: 15/15
 33441 | D:15     | Entered Level 15 of the Dungeon
 33485 | D:15     | Received a gift from Trog
 33749 | D:15     | Reached skill level 15 in Unarmed Combat
 34129 | D:15     | Found a staircase to the Depths.
 34610 | Swamp:1  | Entered Level 1 of the Swamp
 35430 | Swamp:2  | Noticed Jorgrun
 35449 | Swamp:2  | Killed from afar by Jorgrun

Illustrated notes

Levels and vault maps discovered:
D:1:      co_arrival_square_in_a_square_in_a_square, layout_rooms,
          hellmonk_ecumenical_altar_watching_god, minmay_misc_feat_plants
D:2:      layout_basic, basic_altar, uniq_natasha
D:3:      layout_loops_ring, nzn_wu_jian_council_hall, grunt_ministairs_5,
          minmay_crystal_room, uniq_terence
D:4:      layout_cave_pools, nicolae_overflow_quartered_altars,
          serial_park_tiny_1, minmay_quantized
D:5:      layout_cave_pools
D:6:      minmay_inner_zag, layout_rooms, tso_metal_star,
          nicolae_shop_self_help, uniq_pikel
D:7:      nicolae_whirlpool, layout_rooms, minmay_temple_entry_proselytizer,
          uniq_menkaure, uniq_maggie, uniq_crazy_yiuf_cottage
D:8:      layout_loops_corners, nicolae_elyvilon_peaceful_grove,
          okawaru_ov_weapons_minmay, glass_columns_a,
          nicolae_figureground_sparkle, uniq_amaemon, uniq_psyche,
          uniq_prince_ribbit1
D:9:      layout_basic, vehumet_altar_wand_db, enter_bailey_5, nicolae_titane
D:10:     layout_layer_cave, st_stairs_1, minmay_misc_feat_five, uniq_harold
D:11:     layout_loops_ring, lair_entry_dummy, hiddenorc2_lemuel,
          uniq_josephine, uniq_nergalle, uniq_lodul
D:12:     layout_loops_ring
D:13:     layout_roguey, skrybe_vaults_entry_preservation
D:14:     layout_irregular_city, serial_shops, nicolae_lakefront_shop,
          lemuel_freeze_loot_1
D:15:     grunt_enter_depths_giant_problem, layout_loops_cross
Lair:1:   beast_lair_carwin_large_3, layout_cave_pods, grunt_megastairs_5,
          uniq_gastronok
Lair:2:   lemuel_slime, layout_small_grid, infiniplex_staircase_pool,
          lemuel_fruit_tree
Lair:3:   layout_regular_city, minmay_swamp_entry_reptiles,
          nicolae_spider_entry_tight_spaces
Lair:4:   layout_regular_city, minmay_slime_entry_oklob_enclosed, basic_altar,
          nicolae_lair_lil_pond
Lair:5:   evilmike_catoblepas_cave, layout_gridlike, serial_bayou_shore_a
Swamp:1:  layout_basic_swamp, hangedman_swamp_pad, swamp_pool2
Swamp:2:  nicolae_swamp_flooded_prison, layout_falls_marsh,
          nicolae_swamp_oxbows, swamp_pool5, st_swamp_ruins_2, uniq_jorgrun

Skill      XL: |  1  2  3  4  5  6  7  8  9 10 11 12 13 14 15 |
---------------+----------------------------------------------+-----
Dodging        | 2 3 4 5 6 7 8 9 10 | 10.9
Unarmed Combat | 3 4 5 6 8 9 10 12 13 14 15 | 15.2
Fighting       | 4 5 6 8 9 11 12 14 15 17 | 17.0
Armour         | 2 3 |  3.8

Action                   |  1- 3 |  4- 6 |  7- 9 | 10-12 | 13-15 || total
-------------------------+-------+-------+-------+-------+-------++-------
Melee: Unarmed           |   133 |   134 |       |   778 |  1019 ||  2064
       Punch             |     1 |     6 |     8 |    57 |   118 ||   190
       Flail             |       |   118 |   207 |   154 |       ||   479
Throw: Dart              |       |    11 |    30 |     8 |       ||    49
       Boomerang         |       |       |       |    75 |    74 ||   149
       Throwing net      |       |       |       |     1 |       ||     1
       Javelin           |       |       |       |    14 |    10 ||    24
Invok: Trog's Hand       |       |     3 |     1 |     8 |     4 ||    16
       Brothers in Arms  |       |       |       |     4 |     3 ||     7
Evoke: Wand              |     8 |       |       |    23 |    11 ||    42
       Phantom mirror    |       |       |       |       |     1 ||     1
  Use: Scroll            |       |     9 |     6 |    22 |    11 ||    48
 Stab: Invisible         |       |       |       |     2 |       ||     2
       Distracted        |       |       |       |     1 |       ||     1
       Paralysed         |       |       |       |     4 |     4 ||     8
Armor: Animal skin       |    10 |       |       |       |       ||    10
       Ring mail         |    25 |   119 |    41 |       |       ||   185
       Robe              |       |       |    65 |   209 |       ||   274
       Leather armour    |       |       |       |   154 |   269 ||   423
       Chain mail        |       |       |       |       |   317 ||   317
Dodge: Dodged            |    74 |   159 |   188 |   791 |   723 ||  1935
